 Dungeon Crawl Stone Soup version 0.30.0-29-ga12c61a403 (webtiles) character file.

Game seed: 6285376837774512419

69 7w4c the Poker (level 4, -5/37 HPs)
             Began as a Human Chaos Knight on June 15, 2023.
             Was a Plaything of Xom.
             Killed from afar by Natasha (11 damage)
             ... with a bolt of light
             ... on level 2 of the Dungeon.
             The game lasted 00:12:14 (982 turns).

7w4c the Poker (Human Chaos Knight)                  Turns: 982, Time: 00:12:15

Health: -5/37      AC:  6    Str: 12    XL:     4   Next: 42%
Magic:  4/4        EV: 11    Int: 15    God:    Xom [.*....]
Gold:   45         SH:  0    Dex: 12    Spells: 3/3 levels left

rFire   . . .        a - +0 spear (chaos)
rCold   . . .        g - orb {mayhem}
rNeg    . . .        b - +3 leather armour
rPois   .            (no helmet)
rElec   .            (no cloak)
rCorr   .            (no gloves)
SInv    .            (no boots)
Will    .....        (no amulet)
Stlth   +            (no ring)
HPRegen 0.26/turn    (no ring)
MPRegen 0.09/turn

%: mayhem
@: confused
A: no striking features
a: Renounce Religion


You were on level 2 of the Dungeon.
You worshipped Xom.
You were a plaything of Xom.
You visited 1 branch of the dungeon, and saw 2 of its levels.

You collected 45 gold pieces.

Inventory:

Hand Weapons
 a - a +0 spear of chaos (weapon)
Armour
 b - a +3 leather armour (worn)
 g - an orb of mayhem (worn)
Scrolls
 e - a scroll of identify {unknown}
 f - a scroll of torment {unknown}
 j - a scroll of enchant weapon {unknown}
Potions
 h - a potion of brilliance {unknown}
 i - a potion of mutation {unknown}
Miscellaneous
 c - a piece from Xom's chessboard (14/15) (quivered)


   Skills:
 + Level 3.8 Fighting
 + Level 3.9 Polearms
 + Level 2.5 Armour
 + Level 1.1 Dodging


You had 3 spell levels left.
You didn't know any spells.
Your spell library contained the following spells:

 Spells                   Type           Power      Damage    Failure   Level
 Poisonous Vapours        Pois/Air       0%         N/A       45%         2
 Mephitic Cloud           Conj/Pois/Air  0%         N/A       71%         3
 Freezing Cloud           Conj/Ice/Air   0%         6-21      100%        5


Dungeon Overview and Level Annotations

Branches:
Dungeon (2/15)

Altars:

Annotations:
D:2 Natasha


Message History

Found a stone staircase leading down.
You now have 45 gold pieces (gained 10).
Natasha, Servant of Life and Death comes into view.
She is carrying a wand of light (9).
Natasha hisses angrily.
Natasha zaps a wand.
The bolt of light hits you!
Natasha zaps a wand.
The bolt of light hits you!
You are confused.
You're too confused to move!
Natasha zaps a wand.
The bolt of light hits you!
* * * LOW HITPOINT WARNING * * *
You feel better.
Natasha casts a spell.
You feel better. Natasha casts a spell at you. The magic dart hits you!
The cerulean imp hits you but does no damage.
You make a move on Xom's chessboard...
Natasha resists with some effort.
Natasha barely misses you.
The cerulean imp hits you with a +1 spear.
You hit the cerulean imp but do no damage.
The cerulean imp suddenly seems more resistant.
Natasha zaps a wand.
The bolt of light misses you.
You hit the cerulean imp but do no damage.
The cerulean imp barely misses you.
You miss the cerulean imp. Xom almost notices you.
A monocle briefly appears over your right eye.
You are now a plaything of Xom.
Natasha misses you.
The cerulean imp hits you but does no damage.
You miss the cerulean imp. Natasha claws you!
* * * LOW HITPOINT WARNING * * *
The cerulean imp hits you but does no damage.
You completely miss the cerulean imp. Natasha closely misses you.
The cerulean imp hits you with a +1 spear.
* * * LOW HITPOINT WARNING * * *
You barely miss the cerulean imp.
Natasha zaps a wand.
The bolt of light hits you!
You are confused.
You die...
Xom chortles!

#....#.........###..#.>...
#.###.....................
#...............#..##.####
##...........#....###.#
#..........#...##....#
#.............. #.####
###........##.###.#
#.....5..##.....#
###....h@.....#####
##........#.####
##....÷....#.#
#............#
#.<........###
#..÷......## ##..÷.....#
##.....#### #.......#


You could see Natasha and a cerulean imp (summoned, resistant).

Vanquished Creatures
  Natasha (twice) (D:2)
  A worm (D:2)
  2 ball pythons (D:1)
  A bat (D:1)
  An endoplasm (D:1)
  A giant cockroach (D:1)
  A goblin (D:2)
  4 hobgoblins
  A quokka (D:2)
  A kobold (D:2)
  A rat (D:1)
16 creatures vanquished.

Vanquished Creatures (others)
  A rat (D:2)
1 creature vanquished.

Grand Total: 17 creatures vanquished

Notes
Turn   | Place    | Note
-------+----------+-------------------------------------------
     0 | D:1      | 7w4c the Human Chaos Knight began the quest for the Orb.
     0 | D:1      | Reached XP level 1. HP: 18/18 MP: 1/1
    64 | D:1      | XOM: silly message
   117 | D:1      | XOM: silly message
   242 | D:1      | Reached XP level 2. HP: 24/24 MP: 2/2
   694 | D:2      | Noticed Natasha
   699 | D:2      | XOM: potion effect (berserk rage)
   719 | D:2      | Killed Natasha
   720 | D:2      | Reached XP level 3. HP: 10/29 MP: 3/3
   850 | D:2      | Noticed Natasha
   860 | D:2      | Killed Natasha
   861 | D:2      | Reached XP level 4. HP: 31/37 MP: 4/4
   969 | D:2      | Noticed Natasha
   979 | D:2      | XOM: silly message
   982 | D:2      | Killed from afar by Natasha

Illustrated notes

Levels and vault maps discovered:
D:1:      tarquinn_simple_flora_water_a, layout_basic
D:2:      layout_rooms, uniq_sigmund, uniq_robin, uniq_natasha

Action                     |  1- 3 |  4- 6 || total
---------------------------+-------+-------++-------
  Melee: Spear             |    52 |    28 ||    80
         Punch             |     1 |       ||     1
  Evoke: Piece from Xom's  |     1 |     1 ||     2
    Use: Scroll            |     3 |       ||     3
         Potion            |     1 |     2 ||     3
 Armour: Leather armour    |    16 |     4 ||    20
  Dodge: Dodged            |    22 |     8 ||    30
